 Dungeon Crawl Stone Soup version 0.29-a0-275-g389c0b56f3 (webtiles) character file.

Game seed: 3252294799150579625

51085 testman the Brawler (level 14, -12/229 HPs)
             Began as a Troll Monk on Mar 10, 2022.
             Was a Follower of Jiyva.
             Mangled by a cane toad (17 damage)
             ... on level 6 of the Lair of Beasts.
             The game lasted 01:19:50 (15000 turns).

testman the Brawler (Troll Monk)                   Turns: 15000, Time: 01:19:53

Health: -12/229    AC: 11    Str: 30    XL:     14   Next: 22%
Magic:  13/13      EV: 12    Int:  6    God:    Jiyva [*.....]
Gold:   796        SH:  0    Dex: 14    Spells: 13/13 levels left

rFire   . . .      SeeInvis .     - Unarmed
rCold   . . .      Faith    .   (no shield)
rNeg    . . .      Spirit   .   P - +0 acid dragon scales
rPois   .          Reflect  .   T - +2 hat
rElec   .          Harm     .   H - scarf {repulsion}
rCorr   +          Rampage  .   (gloves unavailable)
Will    ++...                   (boots unavailable)
Stlth   ..........              g - amulet of magic regeneration
HPRegen 2.08/turn               Z - +6 ring of strength
MPRegen 0.78/turn               n - ring of willpower

@: berserking, lethally poisoned (-12 -> -16), repel missiles, very quick
A: large, unfitting armour, claws 3, regeneration 1, shaggy fur 1, tough skin 1
a: Renounce Religion


You were on level 6 of the Lair of Beasts.
You worshipped Jiyva.
Jiyva was aware of your devotion.
You visited 3 branches of the dungeon, and saw 18 of its levels.

You collected 1093 gold pieces.
You spent 297 gold pieces at shops.

Inventory:

Hand Weapons
 m - a +0 hunting sling
Missiles
 w - 16 boomerangs (quivered)
 x - 112 poisoned darts
 N - 3 curare-tipped darts
 V - 2 datura-tipped darts
Armour
 H - a scarf of repulsion (worn)
 P - +0 acid dragon scales (worn)
 T - a +2 hat (worn)
Jewellery
 f - a ring of protection from cold
 g - an amulet of magic regeneration (around neck)
 n - a ring of willpower (right claw)
 v - a ring of magical power
 J - a +6 ring of intelligence
 W - a ring of positive energy
 Z - a +6 ring of strength (left claw)
Wands
 a - a wand of iceblast (3)
 i - a wand of flame (38)
 y - a wand of paralysis (6)
 K - a wand of digging (11)
 O - a wand of polymorph (13)
 U - a wand of acid (6)
Scrolls
 d - 3 scrolls of holy word
 k - 3 scrolls of brand weapon
 t - 4 scrolls of fog
 u - 4 scrolls of noise
 B - 3 scrolls of vulnerability
 D - a scroll of fear {unknown}
 G - 4 scrolls of enchant weapon {unknown}
 L - 4 scrolls of magic mapping {unknown}
 S - a scroll of summoning {unknown}
 X - 3 scrolls of teleportation
Potions
 b - 2 potions of ambrosia
 c - 2 potions of brilliance
 l - 3 potions of heal wounds
 p - 2 potions of magic
 r - 3 potions of attraction
 s - 3 potions of lignification
 z - 4 potions of haste
 A - 2 potions of might
 C - 6 potions of curing
 E - 4 potions of flight
 F - 3 potions of mutation
 I - 2 potions of resistance
 M - a potion of cancellation {unknown}
Miscellaneous
 Q - a lightning rod (4/4)
 Y - a phial of floods


   Skills:
 + Level 13.2 Fighting
 - Level 4.0 Armour
 + Level 6.8 Dodging
 - Level 1.0 Stealth
 + Level 15.5 Unarmed Combat
 + Level 7.3 Evocations


You had 13 spell levels left.
You didn't know any spells.
Your spell library contained the following spells:

 Spells                   Type           Power      Damage    Failure   Level
 Magic Dart               Conj           0%         1d3       52%         1
 Summon Small Mammal      Summ           0%         N/A       52%         1
 Call Imp                 Summ           0%         N/A       65%         2
 Call Canine Familiar     Summ           0%         N/A       87%         3
 Confusing Touch          Hex            0%         N/A       87%         3
 Dazzling Flash           Conj/Hex       0%         N/A       87%         3
 Mephitic Cloud           Conj/Pois/Air  0%         N/A       87%         3
 Portal Projectile        Hex/Tloc       0%         N/A       87%         3
 Summon Guardian Golem    Hex/Summ       0%         N/A       87%         3
 Tukima's Dance           Hex            0%         N/A       87%         3
 Passage of Golubria      Tloc           0%         N/A       99%         4
 Agony                    Necr           0%         N/A       100%        5
 Blade Hands              Tmut           0%         N/A       100%        5
 Excruciating Wounds      Necr           0%         N/A       100%        5
 Silence                  Hex/Air        0%         N/A       100%        5
 Yara's Violent Unravell  Hex/Tmut       0%         3d3       100%        5
 Enfeeble                 Hex            0%         N/A       100%        7


Dungeon Overview and Level Annotations

Branches:
Dungeon (11/15)            Temple (1/1) D:5            Lair (6/6) D:8
  Swamp (0/4) Lair:3       Spider (0/4) Lair:3        Slime (0/5) Lair:6
    Orc (0/2) D:9

Altars:
Ashenzari
Cheibriados
Dithmenos
Elyvilon
Fedhas
Gozag
Hepliaklqana
Kikubaaqudgha
Makhleb
Nemelex Xobeh
Okawaru
Qazlal
Ru
Sif Muna
Trog
Uskayaw
Vehumet
Wu Jian
Xom
Yredelemnul
The Shining One
Jiyva

Shops:
D:10 !

Annotations:
D:10 3 runed translucent doors, siradein's ghost, journeyman DrNe
Lair:3 3 runed translucent doors, rabbitsville's ghost, journeyman MiFi


Innate Abilities, Weirdness & Mutations

You are too large for most types of armour.
You have claws for hands.
Your natural rate of healing is unusually fast.
You are covered in fur. (AC +1)
You have tough skin. (AC +1)


Message History

The yak gores you!
* * * LOW HITPOINT WARNING * * *
The yak gores you but does no damage. The cane toad closely misses you.
You claw the cane toad!
The cane toad is severely wounded.
You feel very sick. The yak gores you!
* * * LOW HITPOINT WARNING * * *
The yak completely misses you. The yak gores you.
* * * LOW HITPOINT WARNING * * *
The cane toad stings you!!
* * * LOW HITPOINT WARNING * * *
You are more poisoned.
The cane toad poisons you! The torpor snail bites you!
* * * LOW HITPOINT WARNING * * *
You mangle the torpor snail!!
The torpor snail is moderately wounded.
You feel very sick. The cane toad closely misses you.
The yak gores you but does no damage. The yak barely misses you.
The yak gores you.
* * * LOW HITPOINT WARNING * * *
You mangle the torpor snail!!
The torpor snail is almost dead.
You feel very sick.
The torpor snail bites you but does no damage.
The cane toad barely misses you. The yak gores you.
* * * LOW HITPOINT WARNING * * *
The yak gores you but does no damage. x2
You are too berserk!
Okay, then.
You are too berserk!
You are too berserk!
Unknown command.
You eviscerate the torpor snail!!!
You kill the torpor snail!
You feel yourself speed up.
* * * LOW HITPOINT WARNING * * *
You feel very sick. The cane toad stings you!
You die...

### ###### ####
....##.#..##.#.##
................#
......(.........#
.........Y......##
.........F@Y.....#
.P....P...#Y.#.###
...............#
..........#.P..#
...........#.P.#
................#
.........#.....##
.........#.....#
................


You could see 3 yaks and a cane toad.

Vanquished Creatures
  The ghost of amoryguerra the Severer, a journeyman MiBe of Trog (Lair:2)
  A fire dragon (Lair:6)
  2 boulder beetles
  2 catoblepae
  5 hydras
  A two-headed ogre (D:11)
  7 death yaks
  Amaemon (D:8)
  A bog body (Lair:3)
  Pikel (D:9)
  A cyclops (shapeshifter) (D:11)
  A manticore (D:11)
  4 elephants (Lair:5)
  6 black mambas
  A gargoyle (D:11)
  An unseen horror (D:7)
  6 cane toads
  Maggie (Lair:2)
  2 rime drakes
  An orange demon (D:8)
  3 torpor snails (Lair:6)
  Psyche (D:9)
  3 komodo dragons
  A kobold demonologist (D:11)
  2 trolls
  6 polar bears
  4 hornets
  2 raiju (Lair:6)
  6 blink frogs
  4 jumping spiders (Lair:3)
  5 dream sheep (Lair:5)
  2 culicivoras (Lair:3)
  3 shadows
  2 wraiths
  6 wyverns
  63 yaks
  2 basilisks
  2 steam dragons
  2 redbacks (Lair:3)
  2 vampire mosquitoes (D:11)
  4 wargs
  4 acid dragons
  12 water moccasins
  3 hell hounds (Lair:6)
  9 orc warriors
  13 black bears
  An ice beast (D:8)
  A sky beast (D:8)
  7 centaurs
  22 wolves
  A lemure (D:9)
  6 bullfrogs
  18 kobold brigands
  3 necrophages
  A gnoll sergeant (D:9)
  3 scorpions
  9 wights
  21 killer bees
  5 howler monkeys
  6 jellies
  5 hounds
  A gnoll shaman (D:9)
  5 orc priests
  3 iguanas (D:5)
  Jessica (D:2)
  2 hell rats (Lair:2)
  14 orc wizards
  5 gnolls (D:9)
  4 adders
  10 river rats (Lair:2)
  3 shadow imps
  A white imp (D:5)
  An ufetubus (D:6)
  A dart slug (D:4)
  3 worms (D:2)
  30 orcs
  9 endoplasms
  5 giant cockroaches
  6 goblins
  9 hobgoblins
  8 jackals
  4 quokkas
  2 ball pythons
  4 bats
  5 frilled lizards
  15 kobolds
  5 rats
477 creatures vanquished.

Vanquished Creatures (collateral kills)
  An orc wizard (D:11)
1 creature vanquished.

Vanquished Creatures (others)
  4 jellies (Lair:6)
  An orc (D:6)
  39 fungi
  80 plants
124 creatures vanquished.

Grand Total: 602 creatures vanquished

Notes
Turn   | Place    | Note
-------+----------+-------------------------------------------
     0 | D:1      | testman the Troll Monk began the quest for the Orb.
     0 | D:1      | Reached XP level 1. HP: 22/22 MP: 0/0
   348 | D:1      | Reached XP level 2. HP: 29/29 MP: 1/1
   722 | D:1      | Found a faded altar of an unknown god.
   959 | D:2      | Noticed Jessica
   964 | D:2      | Killed Jessica
   965 | D:2      | Reached XP level 3. HP: 37/37 MP: 2/2
  1011 | D:2      | Reached skill level 4 in Unarmed Combat
  1130 | D:2      | Reached XP level 4. HP: 33/45 MP: 3/3
  2093 | D:4      | Reached XP level 5. HP: 54/54 MP: 4/4
  2095 | D:4      | Noticed a centaur
  2174 | D:4      | Noticed a black bear
  2257 | D:4      | Found a shimmering altar of Xom.
  2312 | D:4      | Found a hide-covered altar of Uskayaw.
  2313 | D:4      | Found a glowing golden altar of the Shining One.
  2317 | D:4      | Noticed a +0 dagger
  2323 | D:4      | Became a worshipper of the Shining One
  2323 | D:4      | Reached * piety under the Shining One
  2323 | D:4      | Reached ** piety under the Shining One
  2331 | D:4      | Noticed a +0 dagger
  2460 | D:4      | Reached skill level 5 in Unarmed Combat
  2464 | D:4      | Reached XP level 6. HP: 33/63 MP: 5/5
  2924 | D:4      | Noticed an orc warrior
  2940 | D:4      | Killed an orc warrior
  2941 | D:4      | Reached skill level 5 in Fighting
  2941 | D:4      | Reached skill level 6 in Unarmed Combat
  2941 | D:4      | Reached XP level 7. HP: 68/72 MP: 6/6
  3316 | D:5      | Entered Level 5 of the Dungeon
  3432 | D:5      | Reached skill level 7 in Unarmed Combat
  3471 | D:5      | Found a staircase to the Ecumenical Temple.
  3480 | Temple   | Entered the Ecumenical Temple
  3857 | D:4      | Reached XP level 8. HP: 76/83 MP: 7/7
  4299 | D:5      | Identified the +1 chain mail "Moceinn" {rN+++ Regen+ MP+9}
  4387 | D:6      | Reached skill level 8 in Unarmed Combat
  4756 | D:6      | Reached XP level 9. HP: 93/93 MP: 8/8
  4795 | D:6      | Identified the +6 spear of Zihasod {elec, rN+ Int+5 SInv
                  | Stlth+}
  5195 | D:7      | Reached skill level 9 in Unarmed Combat
  5316 | D:7      | Found a sacrificial altar of Ru.
  5395 | D:7      | Reached *** piety under the Shining One
  5477 | D:7      | Noticed an unseen horror
  5492 | D:7      | Killed an unseen horror
  5782 | D:7      | Reached skill level 10 in Unarmed Combat
  5833 | D:8      | Noticed Amaemon
  5833 | D:8      | Noticed an orange demon
  6251 | D:8      | Killed Amaemon
  6252 | D:8      | Reached XP level 10. HP: 67/107 MP: 9/9
  6312 | D:8      | Killed an orange demon
  6341 | D:8      | Found a sparkling altar of Nemelex Xobeh.
  6465 | D:8      | Reached skill level 11 in Unarmed Combat
  6578 | D:8      | Found a staircase to the Lair.
  6894 | D:8      | Found an ornate altar of the Wu Jian Council.
  6940 | D:9      | Reached **** piety under the Shining One
  6970 | D:9      | Found a white marble altar of Elyvilon.
  6970 | D:9      | Found a stormy altar of Qazlal.
  7244 | D:9      | Noticed Pikel
  7247 | D:9      | Killed Pikel
  7248 | D:9      | Reached skill level 10 in Fighting
  7286 | D:9      | Noticed Psyche
  7303 | D:9      | Paralysed by you for 5 turns
  7311 | D:9      | Killed Psyche
  7312 | D:9      | Reached skill level 12 in Unarmed Combat
  7462 | D:9      | Found a staircase to the Orcish Mines.
  7668 | D:9      | Reached XP level 11. HP: 97/119 MP: 10/10
  7949 | D:10     | Entered Level 10 of the Dungeon
  7998 | D:10     | Found a runed translucent gate.
  7998 | D:10     | Noticed a two-headed ogre
  8033 | D:10     | Found a runed translucent gate.
  8033 | D:10     | Found a runed translucent gate.
  8034 | D:10     | Noticed a necromancer
  8035 | D:10     | Noticed an orc knight
  8037 | D:10     | Noticed siradein's ghost (journeyman DrNe)
  8137 | D:10     | Reached skill level 1 in Evocations
  8259 | D:10     | Found Kerojuca's Distillery.
  8268 | D:10     | Bought a potion of heal wounds for 55 gold pieces
  8268 | D:10     | Bought a potion of curing for 33 gold pieces
  8268 | D:10     | Bought a potion of curing for 33 gold pieces
  8268 | D:10     | Bought a potion of magic for 88 gold pieces
  8268 | D:10     | Bought a potion of ambrosia for 88 gold pieces
  8311 | D:10     | Found a transporter.
  8420 | D:10     | Found a burning altar of Makhleb.
  8423 | D:10     | Found a shimmering blue altar of Sif Muna.
  8435 | D:10     | Found a transporter.
  8882 | D:11     | Reached skill level 13 in Unarmed Combat
  8900 | D:11     | Reached skill level 1 in Armour
  8985 | D:11     | Noticed a boulder beetle
  9003 | D:11     | Killed a boulder beetle
  9195 | D:11     | Noticed a two-headed ogre
  9202 | D:11     | Killed a two-headed ogre
  9275 | D:11     | Reached ***** piety under the Shining One
  9294 | D:11     | Noticed a sun demon
  9455 | D:11     | Reached XP level 12. HP: 130/130 MP: 11/11
  9590 | Lair:1   | Entered Level 1 of the Lair of Beasts
  9894 | Lair:1   | Noticed an eight-headed hydra
  9906 | Lair:1   | Killed an eight-headed hydra
 10122 | Lair:1   | Noticed a catoblepas
 10132 | Lair:1   | Killed a catoblepas
 10705 | Lair:2   | Noticed Maggie
 10723 | Lair:2   | Killed Maggie
 10740 | Lair:2   | Reached skill level 14 in Unarmed Combat
 10988 | Lair:2   | Reached skill level 5 in Evocations
 11062 | Lair:2   | Found a runed translucent door.
 11063 | Lair:2   | Noticed amoryguerra's ghost (journeyman MiBe)
 11499 | Lair:2   | Killed amoryguerra's ghost
 11714 | Lair:3   | Found a staircase to the Swamp.
 11749 | Lair:3   | Reached XP level 13. HP: 140/140 MP: 12/12
 11915 | Lair:3   | Found a runed translucent gate.
 11916 | Lair:3   | Found a runed translucent gate.
 11916 | Lair:3   | Found a runed translucent gate.
 11917 | Lair:3   | Noticed rabbitsville's ghost (journeyman MiFi)
 12173 | Lair:3   | Found a hole to the Spider Nest.
 12929 | Lair:4   | Reached skill level 5 in Dodging
 13626 | Lair:5   | Reached skill level 15 in Unarmed Combat
 14415 | Lair:6   | Entered Level 6 of the Lair of Beasts
 14415 | Lair:6   | Found a runed translucent door.
 14415 | Lair:6   | Found a viscous altar of Jiyva.
 14417 | Lair:6   | Found a staircase to the Slime Pits.
 14432 | Lair:6   | Fell from the grace of the Shining One
 14432 | Lair:6   | Became a worshipper of Jiyva Juepavav the Shapeless
 14455 | Lair:6   | Reached XP level 14. HP: 112/153 MP: 13/13
 14796 | Lair:6   | Found a runed translucent door.
 14957 | Lair:6   | Reached * piety under Jiyva
 14999 | Lair:6   | HP: 7/229 [yak[a torpor snail] (6)]
 15000 | Lair:6   | Mangled by a cane toad

Illustrated notes

Levels and vault maps discovered:
D:1:      lemuel_arrival_rhombus, layout_loops_corners,
          hellmonk_ecumenical_altar_inner_sanctum, minmay_pentomino_v2
D:2:      layout_basic, uniq_jessica
D:3:      layout_basic
D:4:      layout_cave_pods, mainiacjoe_overflow_catwalk,
          dancing_weapons_uskayaw, xom_teletrap_fun, columned_hall_lemuel
D:5:      layout_basic, minmay_temple_entry_antechambers
D:6:      layout_rooms, kennysheep_small_spiral,
          amcnicky_mini_rare_corridor_liquid
D:7:      layout_gridville, mainiacjoe_overflow_alcove_2,
          grunt_decor_resistance, bh_walls_and_bars
D:8:      layout_loops_ring, pdpol_wu_jian_five_deadly_venoms,
          nemelex_spade_bored_becter, erik_lair_orcish_takeover,
          grunt_ministairs_11, chequers_mini_garden, uniq_amaemon
D:9:      layout_rooms, gammafunk_temple_overflow_elements, orc_0_dummy,
          nicolae_benzene_ring, chequers_garden, kennysheep_kite_vault,
          uniq_pikel, uniq_psyche
D:10:     gammafunk_cloud_chamber, layout_cave_pools,
          nicolae_overflow_hidden_temple, gammafunk_ghost_split,
          kennysheep_diamond
D:11:     layout_roguey [special_room_kobold]
Temple:   minmay_temple_curvy_loop
Lair:1:   layout_regular_city, infiniplex_staircase_pool
Lair:2:   layout_small_grid, ebering_ghost_inner_flame, kennysheep_rathole,
          uniq_maggie
Lair:3:   layout_misc_corridors, skrybe_swamp_entry_bodies,
          nicolae_spider_entry_tight_spaces, gammafunk_ghost_hydra_chop
Lair:4:   layout_big_grid, nicolae_lair_yak_garden, grunt_megastairs_1
Lair:5:   layout_roguey, grunt_megastairs_5, lemuel_fruit_fields,
          lemuel_fruit_fields
Lair:6:   wormcave, layout_long_grid, hangedman_lair_caniforms_friends,
          slime_altar_2, gammafunk_ghost_abyssal_escape,
          nicolae_lair_grazing_beasts [nicolae_sub_lair_graze_edge,
          nicolae_sub_lair_graze_edge, nicolae_sub_lair_graze_edge,
          nicolae_sub_lair_graze_edge]

Skill      XL: |  1  2  3  4  5  6  7  8  9 10 11 12 13 |
---------------+----------------------------------------+-----
Fighting       | 3 4 5 6 7 9 10 11 12 13 | 13.2
Unarmed Combat | 4 5 6 7 8 10 12 13 14 15 | 15.5
Evocations     | 3 5 7 |  7.3
Armour         | 3 4 |  4.0
Dodging        | 4 6 |  6.8
Stealth        | |  1.0

Action                   |  1- 3 |  4- 6 |  7- 9 | 10-12 | 13-15 || total
-------------------------+-------+-------+-------+-------+-------++-------
Melee: Unarmed           |    69 |   101 |   232 |   547 |   404 ||  1353
       Punch             |     1 |     2 |    14 |    53 |    42 ||   112
Throw: Boomerang         |       |       |     8 |    23 |    25 ||    56
       Dart              |       |       |     4 |    11 |       ||    15
Invok: Divine Shield     |       |     1 |     1 |     3 |     3 ||     8
Evoke: Wand              |       |       |       |    10 |    16 ||    26
       Lightning rod     |       |       |       |       |     4 ||     4
       Phial of floods   |       |       |       |       |     1 ||     1
  Use: Scroll            |       |       |     7 |    11 |     8 ||    26
       Potion            |       |       |       |     2 |     8 ||    10
 Stab: Sleeping          |     6 |     6 |       |       |       ||    12
Armor: Robe              |    16 |    26 |    54 |    36 |       ||   132
       Skin              |       |       |       |     4 |       ||     4
       Acid dragon scale |       |       |       |   124 |   159 ||   283
       Troll leather arm |       |       |       |     6 |       ||     6
Dodge: Dodged            |    32 |    48 |   121 |   231 |   231 ||   663
       Repelled          |       |       |       |     5 |     1 ||     6
Block: Other             |       |     3 |     7 |     5 |     6 ||    21

Table legend: (Time is in decaauts)
 A = Elapsed time spent in this place.
 B = Non-inter-level travel time spent in this place.
 C = Inter-level travel time spent in this place.
 D = Time resting spent in this place.
 E = Time spent auto-exploring this place.
 F = Levels seen in this place.
 G = Mean time per level.
                   A        B        C        D        E       F      G
               +--------+--------+--------+--------+--------+-----+--------+
         Total |  14762 |  13969 |    793 |   1830 |   9183 |  18 |  820.1 |
       Dungeon |   9272 |   8619 |    653 |   1065 |   5727 |  11 |  842.9 |
        Temple |    216 |    194 |     22 |      0 |    189 |   1 |  216.0 |
          Lair |   5273 |   5156 |    117 |    765 |   3267 |   6 |  878.8 |
               +--------+--------+--------+--------+--------+-----+--------+

Top non-repeatable levels by time:
     D:4: 1321 daAuts
     D:8: 1129 daAuts
  Lair:5: 1086 daAuts
  Lair:2: 1083 daAuts
     D:9: 1018 daAuts
  Lair:1: 965 daAuts
     D:1: 900 daAuts
     D:5: 879 daAuts
  Lair:3: 856 daAuts
    D:10: 838 daAuts
     D:3: 827 daAuts
  Lair:4: 787 daAuts
    D:11: 704 daAuts
     D:7: 630 daAuts
     D:6: 600 daAuts
